 Dungeon Crawl Stone Soup version 0.21.1-1-g345015fe64 (webtiles) character file.

401 BrokenGlass the Sneak (level 6, 0/67 HPs)
             Began as an Octopode Assassin on Apr 4, 2018.
             Was an Initiate of Cheibriados.
             Succumbed to an adder's poison
             ... on level 5 of the Dungeon.
             The game lasted 00:05:17 (3292 turns).

BrokenGlass the Sneak (Octopode Assassin)           Turns: 3292, Time: 00:05:17

Health: 0/67       AC: 23    Str:  9 (11) XL:     6   Next: 85%
Magic:  6/6        EV:  2    Int: 12 (13) God:    Cheibriados [......]
Gold:   196        SH:  4    Dex: 13 (16) Spells: 5/5 levels left

rFire    . . .     SeeInvis .   a - +3 dagger
rCold    . . .     Gourm    .   q - +0 buckler
rNeg     + + +     Faith    .   (helmet currently unavailable)
rPois    +         Spirit   .   (no amulet)
rElec    .         Reflect  .   (no ring)
rCorr    .         Harm     .   (no ring)
MR       .....     NoTele   +   (no ring)
Stlth    +++.......             (no ring)
HPRegen  0.21/turn              (no ring)
MPRegen  0.10/turn              (no ring)
                                (no ring)
                                (no ring)

@: lethally poisoned (0 -> -4), tree-form, hasted, quick
A: almost no armour, stealthy swim, (amphibious), 8 rings, (constrict 8), dopey
1
a: Bend Time, Renounce Religion


You were on level 5 of the Dungeon.
You worshipped Cheibriados.
Cheibriados was noncommittal.
You were hungry.
You were a tree.
You visited 2 branches of the dungeon, and saw 6 of its levels.

You collected 196 gold pieces.

Inventory:

Hand Weapons
 a - a +3 dagger (weapon)
 b - a +0 blowgun
Missiles
 c - 37 poisoned needles
 d - 2 curare-tipped needles
 h - 41 stones (quivered)
 k - 52 arrows
 u - 8 javelins
Armour
 q - a +0 buckler (worn)
Jewellery
 s - an uncursed ring of stealth {unknown}
Wands
 l - a wand of iceblast (10)
Scrolls
 m - a scroll of fear
Potions
 i - a potion of degeneration
 p - a potion of haste
Books
 r - a book of Conjurations

   Spells                             Type                      Level
   a - Magic Dart                     Conjuration                  1
   b - Searing Ray                    Conjuration                  2
   c - Dazzling Spray                 Conjuration/Hexes            3
   d - Fulminant Prism                Conjuration/Hexes            4
   e - Force Lance                    Conjuration/Translocation    4
   f - Iskenderun's Mystic Blast      Conjuration                  4
Comestibles
 f - 6 rations


   Skills:
 * Level 5.1 Fighting
 + Level 3.7 Short Blades
 - Level 2.0 Throwing
 - Level 1.0 Dodging
 + Level 7.1 Stealth
 + Level 1.1 Shields


You had 5 spell levels left.
You didn't know any spells.

Dungeon Overview and Level Annotations

Branches:
Dungeon (5/15)             Temple (1/1) D:4

Altars:
Ashenzari
Cheibriados
Dithmenos
Elyvilon
Gozag
Kikubaaqudgha
Makhleb
Nemelex Xobeh
Ru
Sif Muna
Trog
Uskayaw
Vehumet
Wu Jian
Xom
Yredelemnul
The Shining One

Portals:
Sewer: D:5


Innate Abilities, Weirdness & Mutations

You cannot wear most types of armour.
You are very stealthy in the water. (Stealth+)
((You are amphibious.))
You can wear up to eight rings at the same time.
((You can use your tentacles to constrict eight enemies at once.))
((Your skin changes colour to match your surroundings (Stealth+).))
((Your rubbery body absorbs attacks. (AC +1, EV +1)))
((You are partially covered in molten scales. (AC +2)))
You are dopey. (Int -2)


Message History

Unknown command.
You cannot move.
You cannot move.
You cannot move.
Unknown command.
You cannot move.
You cannot move.
You cannot move.
There is a lethal amount of poison in your body!
There is a lethal amount of poison in your body!
Unknown command.
Okay, then.
There is a lethal amount of poison in your body!
* * * LOW HITPOINT WARNING * * *
You feel sick.
* * * LOW HITPOINT WARNING * * *
You feel sick.
* * * LOW HITPOINT WARNING * * *
You feel sick.
You die...

# #.# #.#
#...........# # #.#
#Z#####.#.#####.#.
###.#
#.........#≈≈≈#....
....#
#######>#.#≈≈≈#.#..
##### #...#≈∩≈#....
# ###.#≈≈≈#..#
#.#≈≈≈#..#
#.##'##.# #.♣†....#
#########


There were no monsters in sight!

Vanquished Creatures
  An orc warrior (D:3)
  An ogre (D:4)
  An orc wizard (D:4)
  An iguana (D:4)
  A worker ant (D:4)
  7 adders
  An ooze (D:2)
  A worm (D:2)
  4 dart slugs
  A leopard gecko (D:1)
  3 orcs
  9 bats
  5 giant cockroaches
  7 goblins
  6 hobgoblins
  2 jackals (D:3)
  A ball python (D:2)
  4 frilled lizards
  11 kobolds
  7 rats
74 creatures vanquished.

Notes
Turn   | Place    | Note
-------+----------+-------------------------------------------
     0 | D:1      | BrokenGlass the Octopode Assassin began the quest for the Orb.
     0 | D:1      | Reached XP level 1. HP: 14/14 MP: 1/1
   127 | D:1      | Reached XP level 2. HP: 14/20 MP: 2/2
   376 | D:1      | Reached XP level 3. HP: 25/25 MP: 3/3
   741 | D:1      | Found a glowing golden altar of the Shining One.
  1345 | D:3      | Reached XP level 4. HP: 31/31 MP: 4/4
  1423 | D:3      | Found a deep blue altar of Sif Muna.
  1576 | D:3      | Reached skill level 6 in Stealth
  1649 | D:3      | Found an opulent altar of Gozag.
  2326 | D:4      | Found a staircase to the Ecumenical Temple.
  2336 | D:4      | Reached XP level 5. HP: 37/37 MP: 5/5
  2343 | D:4      | Noticed an orc warrior
  2350 | Temple   | Entered the Ecumenical Temple
  2369 | Temple   | Became a worshipper of Cheibriados the Contemplative
  2419 | D:3      | Killed an orc warrior
  2419 | D:3      | Reached XP level 6. HP: 39/44 MP: 6/6
  2672 | D:4      | Found a basalt altar of Yredelemnul.
  2785 | D:4      | Reached skill level 7 in Stealth
  2802 | D:4      | Found a hide-covered altar of Uskayaw.
  2859 | D:4      | Reached skill level 5 in Fighting
  2859 | D:4      | Reached skill level 1 in Shields
  3015 | D:4      | Found a white marble altar of Elyvilon.
  3098 | D:5      | Entered Level 5 of the Dungeon
  3247 | D:5      | Found a glowing drain.
  3273 | D:5      | Gained mutation: You can translocate small distances at will. [potion of mutation]
  3273 | D:5      | Lost mutation: You can translocate small distances at will. [potion of mutation]
  3273 | D:5      | Gained mutation: You are dopey. (Int -2) [potion of mutation]
  3273 | D:5      | Gained mutation: You are partially covered in molten scales. (AC +2) [potion of mutation]
  3284 | D:5      | HP: 3/67 [poisoned by an adder]
  3290 | D:5      | HP: 1/67 [poisoned by an adder]
  3292 | D:5      | Succumbed to an adder's poison

Skill      XL: |  1  2  3  4  5  6 |
---------------+-------------------+-----
Fighting       | 3 4 5 |  5.1
Stealth        | 6 7 |  7.1
Short Blades   | 3 |  3.7
Shields        | 1 |  1.1
Throwing       | |  2.0
Dodging        | |  1.0

Action                   |  1- 3 |  4- 6 || total
-------------------------+-------+-------++-------
Melee: Dagger            |    74 |    85 ||   159
       Constrict         |    16 |    18 ||    34
       Tentacles         |    11 |    17 ||    28
 Fire: Blowgun           |       |     4 ||     4
  Use: Scroll            |       |     4 ||     4
       Potion            |       |     4 ||     4
 Stab: Sleeping          |    12 |    11 ||    23
       Distracted        |     1 |       ||     1
  Eat: Chunk             |     1 |     6 ||     7
Armor: Skin              |     5 |     8 ||    13
Dodge: Dodged            |    32 |    30 ||    62
Block: Buckler           |       |     6 ||     6
